 Dungeon Crawl Stone Soup version 0.25-a0-424-g80bd347ae0 (webtiles) character file.

Game seed: 17075731325125792989, levelgen mode: classic

1078 EnegeticOcto the Chopper (level 8, 0/93 HPs)
             Began as a Vampire Fighter on Jan 20, 2020.
             Slain by a phantom (5 damage)
             ... on level 4 of the Dungeon.
             The game lasted 00:04:02 (3028 turns).

EnegeticOcto the Chopper (Vampire Fighter)          Turns: 3028, Time: 00:04:02

Health: 0/93       AC: 13    Str: 23 (24) XL:     8   Next: 8%
Magic:  8/8        EV: 10    Int:  8 (10) God:
Gold:   170        SH: 11    Dex: 17 (19) Spells: 7/7 levels left

rFire    . . .     SeeInvis +   a - +0 war axe
rCold    . . .     Gourm    .   c - +0 shield
rNeg     . . .     Faith    .   v - +0 chain mail
rPois    .         Spirit   .   k - +2 helmet
rElec    .         Reflect  .   (no cloak)
rCorr    .         Harm     .   p - +0 pair of gloves
MR       .....                  (no boots)
Stlth    ..........             (no amulet)
HPRegen  0.45/turn              q - -2 ring of strength (curse)
MPRegen  0.11/turn              r - +4 ring of strength

@: agile, berserking, regenerating quickly, very quick
A: no food, fangs 3, see invisible, unbreathing
a: Exsanguinate


You were on level 4 of the Dungeon.
You were alive.

You visited 1 branch of the dungeon, and saw 4 of its levels.

You collected 170 gold pieces.

Inventory:

Hand Weapons
 a - a +0 war axe (weapon)
 o - a +1 hand axe of flaming
Missiles
 l - 6 javelins (quivered)
Armour
 c - a +0 shield (worn)
 k - a +2 helmet (worn)
 p - a +0 pair of gloves (worn)
 v - a +0 chain mail (worn)
Jewellery
 b - an uncursed ring of protection from fire {unknown}
 j - an uncursed amulet of the acrobat {unknown}
 n - an uncursed ring of poison resistance {unknown}
 q - a cursed -2 ring of strength (left hand)
 r - a +4 ring of strength (right hand)
Scrolls
 h - 2 scrolls of teleportation {@r3 !r}
 i - a scroll of magic mapping {@r5 !r}
 m - a scroll of fear {!r}
Potions
 d - a potion of might {@q3 !q}
 e - a potion of degeneration
 f - a potion of lignification {unknown}
 g - a potion of agility {@q5 !q}
 s - a potion of haste {unknown}
 t - a potion of berserk rage
 u - a potion of heal wounds {unknown}


   Skills:
 + Level 5.0 Fighting
 * Level 6.4 Axes
 - Level 2.4 Armour
 + Level 5.0 Shields


You had 7 spell levels left.
You didn't know any spells.
Your spell library was empty.

Dungeon Overview and Level Annotations

Branches:
Dungeon (4/15)
 Temple: D:4-7

Altars:
Ashenzari
Cheibriados
Qazlal


Innate Abilities, Weirdness & Mutations

You do not eat.
Your natural rate of healing is unusually fast.
You have razor-sharp teeth.
You have supernaturally acute eyesight. (SInv)
You can survive without breathing.


Message History

A dart slug comes into view.
You slash the phantom! You bite the phantom.
The phantom is almost destroyed.
The phantom hits you.
The phantom hits you but does no damage.
You hit the phantom.
You destroy the phantom!
The dart slug launches a dart at you. The slug dart hits you.
You slash the dart slug!
You kill the dart slug!
No target in view!
No target in view!
No target in view!
No target in view!
No target in view!
No target in view!
No target in view!
No target in view!
No target in view!
No target in view!
The orc wizard shouts!
You hear a shout! x3
You see here a dart slug corpse.
You hear a shout!
An ogre comes into view. It is wielding a +0 giant club.
The ogre shouts!
You hear a shout!
A phantom comes into view.
An orc wizard comes into view. It is wielding a +0 dagger.
The ogre hits you with a +0 giant club!!
You hit the ogre.
The ogre is lightly wounded.
An orc wizard comes into view. It is wielding a +0 dagger.
You block the ogre's attack.
You closely miss the ogre.
The ogre is lightly wounded.
The ogre hits you but does no damage.
Your shield and chain mail prevent you from hitting the ogre.
The ogre is lightly wounded.
The phantom blinks!
You block the ogre's attack.
You slash the ogre!
The ogre is moderately wounded.
You miss the phantom.
An orc wizard comes into view. It is wielding a +0 dagger.
The phantom hits you.
The orc wizard looks braver for a moment.
The orc wizard shouts!
You slash the ogre!
The ogre is severely wounded.
You closely miss the phantom. The ogre hits you with a +0 giant club!
The phantom hits you.
The orc wizard mumbles some strange words.
The orc wizard seems to speed up.
You are too injured to fight recklessly!
You are too injured to fight recklessly!
You are too injured to fight recklessly!
You are too injured to fight recklessly!
You are too injured to fight recklessly!
You are too injured to fight recklessly!
You are too injured to fight recklessly!
You are too injured to fight recklessly!
You are too injured to fight recklessly!
You are too injured to fight recklessly!
You are too injured to fight recklessly!
You hit the ogre. Your bite misses the ogre.
The ogre is almost dead.
You slash the phantom! You block the ogre's attack. The phantom hits you.
You slash the ogre!
You kill the ogre!
Your Fighting skill increases to level 5!
Your Shields skill increases to level 5!
You have reached level 8!
You hit the orc wizard but do no damage.
You barely miss the phantom. You block the orc wizard's attack.
The phantom hits you!
* * * LOW HITPOINT WARNING * * *
You block the orc wizard's attack.
The orc wizard gestures at you while chanting.
The magic dart hits you.
* * * LOW HITPOINT WARNING * * *
The phantom hits you!
* * * LOW HITPOINT WARNING * * *
The orc wizard casts a spell.
The orc wizard flickers and vanishes for a moment.
It was a potion of degeneration.
There was something very wrong with that liquid.
You feel weakened.
You feel dopey.
You feel clumsy.
e - a potion of degeneration;
n - a sapphire ring You block the orc wizard's attack.
The phantom hits you but does no damage.
It was a potion of agility.
You feel agile all of a sudden.
The orc wizard hits you but does no damage.
You block the phantom's attack.
The orc wizard hits you but does no damage.
It was a potion of berserk rage.
A red film seems to cover your vision as you go berserk!
You feel yourself moving faster!
You feel mighty!
The orc wizard hits you but does no damage.
The phantom hits you.
You die...

..## #...
###..## #...
o#...## #.o##
###..# #..#o
o#..# #..##
###..# .##.o..
#....#
......o###....#
#.oo@..##.#
#..W#####†####
#..## #....#
### #.# #...##
####.## #.
###.<## #.....#
#.# ##..###
......## ##.
##..##
######.##
#.##..## ##.##
#...##


You could see a phantom and 4 orc wizards.

Vanquished Creatures
  Pikel (D:4)
  4 slaves
  A phantom (D:4)
  2 ogres
  A hound (D:4)
  2 orc priests (D:3)
  4 orc wizards (D:3)
  A hound skeleton (D:4)
  3 gnolls (D:4)
  6 adders
  An ooze (D:1)
  2 worms (D:3)
  2 dart slugs
  12 orcs
  8 bats
  4 giant cockroaches
  4 goblins
  6 hobgoblins
  5 jackals
  2 quokkas (D:3)
  7 frilled lizards
  4 kobolds
  11 rats
93 creatures vanquished.

Notes
Turn   | Place    | Note
-------+----------+-------------------------------------------
     0 | D:1      | EnegeticOcto the Vampire Fighter began the quest for the
                  | Orb.
     0 | D:1      | Reached XP level 1. HP: 17/17 MP: 1/1
    16 | D:1      | Reached skill level 2 in Axes
    64 | D:1      | Reached XP level 2. HP: 19/23 MP: 2/2
   486 | D:1      | Reached XP level 3. HP: 29/29 MP: 3/3
   587 | D:2      | Found a stormy altar of Qazlal.
   933 | D:2      | Found a shattered altar of Ashenzari.
  1099 | D:2      | Reached skill level 3 in Axes
  1516 | D:3      | Reached XP level 4. HP: 35/35 MP: 4/4
  1901 | D:3      | Reached XP level 5. HP: 41/41 MP: 5/5
  1984 | D:3      | Reached skill level 4 in Axes
  2041 | D:3      | Reached XP level 6. HP: 46/48 MP: 6/6
  2229 | D:3      | Found a snail-covered altar of Cheibriados.
  2458 | D:4      | Noticed Pikel
  2458 | D:4      | Noticed a slave
  2458 | D:4      | Noticed a slave
  2461 | D:4      | Noticed a slave
  2462 | D:4      | Noticed a slave
  2597 | D:3      | Killed a slave
  2606 | D:3      | Killed a slave
  2620 | D:3      | Killed a slave
  2735 | D:4      | Killed a slave
  2773 | D:4      | Killed Pikel
  2773 | D:4      | Reached skill level 5 in Axes
  2773 | D:4      | Reached XP level 7. HP: 43/55 MP: 7/7
  2934 | D:4      | Reached skill level 6 in Axes
  3024 | D:4      | Reached skill level 5 in Fighting
  3024 | D:4      | Reached skill level 5 in Shields
  3024 | D:4      | Reached XP level 8. HP: 19/62 MP: 8/8
  3025 | D:4      | HP: 2/62 [phantom (7)]
  3028 | D:4      | Slain by a phantom

Levels and vault maps discovered:
D:1:      saegor_arrival_simple_a, layout_basic, columned_hall_lemuel,
          minmay_rat_gold_closets
D:2:      layout_basic, old_standard_altar, lemuel_crystal_altar, first_ration
D:3:      layout_basic, cheibriados_altar_1, minmay_checkerbox
D:4:      layout_layer_cave, gammafunk_ghost_grave,
          minmay_a_box_with_orc_wizards_in_it, uniq_pikel, uniq_edmund

Skill      XL: |  1  2  3  4  5  6  7 |
---------------+----------------------+-----
Axes           | 2 3 4 5 6 |  6.4
Fighting       | 3 4 5 |  5.0
Shields        | 3 4 5 |  5.0
Armour         | |  2.4

Action                   |  1- 3 |  4- 6 |  7- 9 || total
-------------------------+-------+-------+-------++-------
Melee: War axe           |   172 |   180 |    39 ||   391
       Bite              |    13 |    27 |     8 ||    48
  Use: Scroll            |     1 |     4 |       ||     5
       Potion            |       |       |     3 ||     3
Armor: Scale mail        |    93 |    50 |       ||   143
       Chain mail        |       |    55 |    20 ||    75
Dodge: Dodged            |    56 |    44 |     8 ||   108
Block: Shield            |    91 |    71 |    24 ||   186

Table legend:
 A = Non-vault XP
 B = Vault XP
 C = Vault XP percentage of total XP
 D = Non-vault monster count
 E = Vault monster count
 F = Vault count percentage of total count
                 A         B        C        D         E       F
            +---------+---------+-------+---------+---------+-------
      Total |     885 |     655 |  42.5 |      77 |      12 |  13.5
            +---------+---------+-------+---------+---------+-------
        D:1 |      34 |       7 |  17.1 |      18 |       7 |  28.0
        D:2 |      54 |       0 |   0.0 |      19 |       0 |   0.0
        D:3 |     434 |      31 |   6.7 |      30 |       4 |  11.8
        D:4 |     363 |     617 |  63.0 |      10 |       1 |   9.1
            +---------+---------+-------+---------+---------+-------
